 Dungeon Crawl Stone Soup version 0.30-a0-23-ge60ba3568b (webtiles) character file.

Game seed: 13874177482525012251

8229 nickcage the Carver (level 11, 0/101 HPs)
             Began as a Minotaur Abyssal Knight on Aug 25, 2022.
             Was the Champion of Lugonu.
             Slain by a seven-headed hydra (9 damage)
             ... on level 10 of the Dungeon.
             The game lasted 00:39:27 (10095 turns).

nickcage the Carver (Minotaur Abyssal Knight)      Turns: 10095, Time: 00:39:28

Health: 0/101      AC: 20    Str: 26    XL:     11   Next: 7%
Magic:  11/11      EV:  7    Int:  7    God:    Lugonu [******]
Gold:   238        SH:  4    Dex: 11    Spells: 10/10 levels left

rFire   . . .      SeeInvis +    N - +1 mace (protect)
rCold   . . .      Faith    .    a - +0 buckler
rNeg    + + .      Spirit   .    P - +0 plate armour
rPois   +          Reflect  .    (helmet restricted)
rElec   +          Harm     .    (no cloak)
rCorr   .          Rampage  .    (no gloves)
Will    .....                    (no boots)
Stlth   ..........               q - amulet of regeneration
HPRegen 1.06/turn                l - ring "Qiad" {rElec rPois rN+ Str+4 SInv}
MPRegen 0.12/turn                y - ring of positive energy

@: under a protective aura, hasted, very quick
A: horns 2, retaliatory headbutt
a: Renounce Religion, Depart the Abyss, Bend Space, Banish, Corrupt, Enter the
Abyss, Brand Weapon With Distortion


You were on level 10 of the Dungeon.
You worshipped Lugonu.
Lugonu was exalted by your worship.
You visited 2 branches of the dungeon, and saw 12 of its levels.
You visited the Abyss 1 time.
You also visited: Sewer and Ossuary.

You collected 756 gold pieces.
You spent 518 gold pieces at shops.

Inventory:

Hand Weapons
 K - the +4 great sword "Zeddanem" {holy, Str+4}
   (You bought it in a shop on level 1 of the Dungeon)

   It has been blessed by the Shining One to cause great damage to the undead
   and demons.
   Str:       It affects your strength (+4).
 M - a +5 long sword of electrocution
 N - a +1 mace of protection (weapon)
 O - the +9 demon blade of Tutabof {vorpal, rElec rN+}
   (You acquired it on level 9 of the Dungeon)

   It inflicts extra damage upon your enemies.
   rElec:     It insulates you from electricity.
   rN:        It protects you from negative energy.
Missiles
 D - 4 curare-tipped darts
 Q - 27 poisoned darts (quivered)
Armour
 a - a +0 buckler (worn)
 n - a +0 chain mail
 w - a +0 scale mail
 P - a +0 plate armour (worn)
Jewellery
 l - the ring "Qiad" (left hand) {rElec rPois rN+ Str+4 SInv}
   (You acquired it on level 4 of the Dungeon)

   [ring of see invisible]

   Str:       It affects your strength (+4).
   rElec:     It insulates you from electricity.
   rPois:     It protects you from poison.
   rN:        It protects you from negative energy.
   SInv:      It lets you see invisible.
 q - an amulet of regeneration (around neck)
 y - a ring of positive energy (right hand)
 J - a ring of poison resistance
Wands
 f - a wand of acid (15)
 v - a wand of iceblast (6)
 A - a wand of flame (28)
 B - a wand of paralysis (8)
Scrolls
 b - a scroll of amnesia
 g - 2 scrolls of blinking
 i - a scroll of identify
 x - 3 scrolls of teleportation
 z - a scroll of noise
 H - a scroll of enchant weapon
 I - a scroll of fog
 L - a scroll of poison
Potions
 c - a potion of resistance {unknown}
 d - a potion of cancellation
 e - 4 potions of heal wounds
 h - 6 potions of brilliance
 j - a potion of haste
 k - 6 potions of curing
 m - 5 potions of flight
 o - 2 potions of lignification
 p - a potion of invisibility
 r - a potion of mutation
 s - a potion of ambrosia {unknown}
 u - a potion of magic {unknown}
 E - 3 potions of degeneration
 F - 3 potions of attraction


   Skills:
 - Level 10.5 Fighting
 - Level 3.5(9.3) Short Blades
 * Level 14.4(14.7) Long Blades
 - Level 4.5 Maces & Flails
 - Level 1.7 Throwing
 + Level 8.1 Armour
 - Level 1.1 Dodging
 * Level 2.7 Shields
 - Level 1.7 Invocations


You had 10 spell levels left.
You didn't know any spells.
Your spell library contained the following spells:

 Spells                   Type           Power      Damage    Failure   Level
 Apportation              Tloc           0%         N/A       100%        1
 Magic Dart               Conj           0%         1d3       100%        1
 Necrotise                Necr           0%         1d4       100%        1
 Sandblast                Erth           0%         2d4       100%        1
 Summon Small Mammal      Summ           0%         N/A       100%        1
 Call Imp                 Summ           0%         N/A       100%        2
 Passwall                 Tmut/Erth      0%         N/A       100%        2
 Sublimation of Blood     Necr           0%         N/A       100%        2
 Wereblood                Tmut           0%         N/A       100%        2
 Call Canine Familiar     Summ           0%         N/A       100%        3
 Frozen Ramparts          Ice            0%         1d1       100%        3
 Mephitic Cloud           Conj/Pois/Air  0%         N/A       100%        3
 Portal Projectile        Hex/Tloc       0%         N/A       100%        3
 Stone Arrow              Conj/Erth      0%         3d7       100%        3
 Summon Guardian Golem    Hex/Summ       0%         N/A       100%        3
 Tukima's Dance           Hex            0%         N/A       100%        3
 Vampiric Draining        Necr           0%         2d6       100%        3
 Airstrike                Air            0%         2d(0-16)  100%        4
 Corpse Rot               Necr/Pois/Air  0%         N/A       100%        4
 Dispel Undead            Necr           0%         3d6       100%        4
 Ice Form                 Ice/Tmut       0%         N/A       100%        4
 Leda's Liquefaction      Hex/Erth       0%         N/A       100%        4
 Petrify                  Tmut/Erth      0%         N/A       100%        4
 Summon Ice Beast         Ice/Summ       0%         N/A       100%        4
 Summon Lightning Spire   Summ/Air       0%         N/A       100%        4
 Agony                    Necr           0%         N/A       100%        5
 Alistair's Intoxication  Tmut/Pois      0%         N/A       100%        5
 Blade Hands              Tmut           0%         N/A       100%        5
 Irradiate                Conj/Tmut      0%         3d11      100%        5
 Lee's Rapid Deconstruct  Erth           0%         3d5*      100%        5
 Lightning Bolt           Conj/Air       0%         1d11      100%        5
 Death Channel            Necr           0%         N/A       100%        6
 Statue Form              Tmut/Erth      0%         N/A       100%        6
 Dragon Form              Tmut           0%         N/A       100%        7
 Storm Form               Tmut/Air       0%         N/A       100%        7
 Summon Hydra             Summ           0%         N/A       100%        7
 Maxwell's Capacitive Co  Air            0%         ∞         100%        8


Dungeon Overview and Level Annotations

Branches:
Dungeon (11/15)            Temple (1/1) D:7            Lair (0/5) D:11
  Sewer (visited)         Ossuary (visited)
    Orc: D:9-12

Altars:
Ashenzari
Cheibriados
Dithmenos
Elyvilon
Fedhas
Gozag
Hepliaklqana
Kikubaaqudgha
Makhleb
Nemelex Xobeh
Okawaru
Qazlal
Ru
Sif Muna
Trog
Uskayaw
Vehumet
Wu Jian
Xom
Yredelemnul
Zin
The Shining One

Shops:
D:1 :([   D:2 !

Annotations:
D:1 +4ColdPlate600 and +4GreatSword518
D:11 2 transporters


Innate Abilities, Weirdness & Mutations

You have a pair of horns on your head.
You reflexively headbutt those who attack you in melee.


Message History

The seven-headed hydra bites you.
The seven-headed hydra bites you but does no damage. x3
The seven-headed hydra completely misses you.
The seven-headed hydra closely misses you.
You block the seven-headed hydra's attack.
You hit the seven-headed hydra.
The seven-headed hydra is heavily wounded.
Unknown command.
You sock the seven-headed hydra!
The seven-headed hydra is severely wounded.
The seven-headed hydra bites you but does no damage. x4
The seven-headed hydra bites you.
You block the seven-headed hydra's attack.
The seven-headed hydra completely misses you.
The gnoll sergeant barely misses you.
You sock the seven-headed hydra!
The seven-headed hydra is almost dead.
The gnoll sergeant hits you but does no damage.
The seven-headed hydra bites you but does no damage.
The seven-headed hydra bites you. The seven-headed hydra bites you!
* * * LOW HITPOINT WARNING * * *
The seven-headed hydra bites you.
* * * LOW HITPOINT WARNING * * *
The seven-headed hydra bites you!
* * * LOW HITPOINT WARNING * * *
The seven-headed hydra bites you but does no damage.
The seven-headed hydra bites you.
* * * LOW HITPOINT WARNING * * *
There is a stone staircase leading up here.
The seven-headed hydra bites you but does no damage.
The seven-headed hydra closely misses you.
The seven-headed hydra bites you but does no damage. x4
You block the seven-headed hydra's attack.
You climb upwards.
There is a stone staircase leading down here.
You barely miss the seven-headed hydra.
The seven-headed hydra is severely wounded.
The seven-headed hydra bites you but does no damage.
The seven-headed hydra bites you!
You die...

##.........#............##...'...
##.........######.......######...
############ ###.##### ##'# #
##.# #.. #..# ### #.##
###'######## ##### #D.........#
#.... ####@.........# #....
#############<.'..........# #....
..............##..........###....
################..........'.#....
#..........#.'....
#..........###.... ############
#####


You could see a seven-headed hydra.

Vanquished Creatures
  A gargoyle (D:10)
  A komodo dragon (D:11)
  2 trolls
  A hornet (D:10)
  Prince Ribbit (D:6)
  A wraith (D:9)
  Sigmund (D:6)
  3 wyverns
  4 yaks (D:9)
  3 basilisks
  A steam dragon (D:9)
  Edmund (D:6)
  Menkaure (D:7)
  2 acid dragons
  6 water moccasins
  An ice beast (D:6)
  3 orc warriors
  2 sky beasts
  A black bear (D:11)
  3 wolves (D:11)
  3 centaurs
  2 bullfrogs (D:6)
  6 kobold brigands
  A gnoll sergeant (D:10)
  A scorpion (D:6)
  13 wights
  6 water moccasin zombies (Ossuary)
  5 howler monkeys
  6 orc priests
  5 hounds
  3 jellies
  3 iguanas
  7 orc wizards
  2 mummies (Ossuary)
  Robin (D:2)
  An adder (D:3)
  7 gnolls
  A river rat (Sewer)
  A shadow imp (D:7)
  A white imp (D:7)
  2 ufetubi
  3 adder zombies (Ossuary)
  2 worms (D:3)
  5 dart slugs
  17 orcs
  6 ball pythons
  4 endoplasms
  5 giant cockroaches
  21 goblins
  6 hobgoblins
  10 jackals
  41 kobolds
  10 quokkas
  5 bats
  5 frilled lizards
  5 gnoll zombies (Ossuary)
  3 hobgoblin zombies (Ossuary)
  A kobold zombie (Ossuary)
  2 orc zombies (Ossuary)
  9 rats
276 creatures vanquished.

Vanquished Creatures (others)
  An orc (D:8)
  A bush (D:11)
  3 fungi
  14 plants (D:11)
19 creatures vanquished.

Grand Total: 295 creatures vanquished

Notes
Turn   | Place    | Note
-------+----------+-------------------------------------------
     0 | Abyss:1  | nickcage the Minotaur Abyssal Knight began the quest for
                  | the Orb.
     0 | Abyss:1  | Reached XP level 1. HP: 19/19 MP: 1/1
     1 | D:1      | Escaped the Abyss
    77 | D:1      | Found Mocosod's Book Boutique.
   341 | D:1      | Reached XP level 2. HP: 26/26 MP: 2/2
   748 | D:1      | Reached XP level 3. HP: 29/31 MP: 3/3
   903 | D:1      | Found Biqibbam's Armour Emporium.
   906 | D:1      | Found Suz Axat's Weapon Shop.
  1240 | D:2      | Reached *** piety under Lugonu
  1437 | D:2      | Noticed Robin
  1453 | D:2      | Reached skill level 1 in Short Blades
  1623 | D:2      | Killed Robin
  1624 | D:2      | Reached skill level 1 in Long Blades
  1633 | D:2      | Reached XP level 4. HP: 24/39 MP: 4/4
  1942 | D:2      | Found Naut's Distillery.
  2561 | D:3      | Found a glowing drain.
  2582 | Sewer    | Entered a sewer
  2633 | Sewer    | Noticed a kobold brigand
  2664 | Sewer    | Killed a kobold brigand
  2665 | Sewer    | Reached skill level 2 in Long Blades
  2665 | Sewer    | Reached XP level 5. HP: 30/45 MP: 5/5
  2843 | Sewer    | Found a white marble altar of Elyvilon.
  3268 | D:3      | Found a faded altar of an unknown god.
  3310 | D:3      | Reached **** piety under Lugonu
  3590 | D:4      | Reached skill level 3 in Long Blades
  3882 | D:4      | Found a burning altar of Makhleb.
  3885 | D:4      | Noticed a cacodemon
  3886 | D:4      | Found a glowing silver altar of Zin.
  3887 | D:4      | Noticed an angel
  3931 | D:4      | Reached XP level 6. HP: 49/53 MP: 6/6
  4273 | D:4      | Identified a scroll of acquirement
  4273 | D:4      | Acquired the ring "Qiad" {rElec rPois rN+ Str+4 SInv}
  4302 | D:5      | Entered Level 5 of the Dungeon
  4314 | D:5      | Reached skill level 5 in Fighting
  4358 | D:5      | Reached skill level 4 in Long Blades
  4734 | D:5      | Reached XP level 7. HP: 33/63 MP: 7/7
  4900 | D:6      | Noticed Sigmund
  4920 | D:6      | Reached skill level 5 in Long Blades
  5018 | D:6      | Killed Sigmund
  5040 | D:6      | Found a hazy altar of Hepliaklqana.
  5151 | D:6      | Reached skill level 6 in Long Blades
  5156 | D:6      | Reached ***** piety under Lugonu
  5229 | D:6      | Reached XP level 8. HP: 57/73 MP: 8/8
  5360 | D:6      | Noticed Prince Ribbit
  5503 | D:6      | Killed Prince Ribbit
  5504 | D:6      | Reached skill level 7 in Long Blades
  5580 | D:6      | Noticed Edmund
  5610 | D:6      | Killed Edmund
  5611 | D:6      | Reached skill level 1 in Throwing
  5818 | D:7      | Noticed Menkaure
  5827 | D:7      | Killed Menkaure
  5828 | D:7      | Reached skill level 8 in Long Blades
  5838 | D:7      | Found a sand-covered staircase.
  5847 | Ossuary  | Entered an ossuary
  6015 | Ossuary  | Reached XP level 9. HP: 84/85 MP: 9/9
  6264 | D:7      | Reached skill level 10 in Fighting
  6353 | D:7      | Found an ornate altar of the Wu Jian Council.
  6422 | D:7      | Found a staircase to the Ecumenical Temple.
  6439 | Temple   | Entered the Ecumenical Temple
  6728 | Temple   | Reached skill level 9 in Long Blades
  6851 | D:7      | Found a shadowy altar of Dithmenos.
  6851 | D:7      | Found an iron altar of Okawaru.
  7189 | D:7      | Reached skill level 5 in Armour
  7365 | D:1      | Bought the +4 great sword "Zeddanem" {holy, Str+4} for 518
                  | gold pieces
  7518 | D:8      | Found a snail-covered altar of Cheibriados.
  7635 | D:8      | Reached skill level 10 in Long Blades
  7972 | D:9      | Reached skill level 11 in Long Blades
  7980 | D:9      | Reached XP level 10. HP: 90/94 MP: 10/10
  8080 | D:9      | Reached skill level 12 in Long Blades
  8287 | D:9      | Acquired the +9 demon blade of Tutabof {vorpal, rElec rN+}
  8317 | D:9      | Found a shimmering altar of Xom.
  8335 | D:9      | Found a shimmering altar of Xom.
  8341 | D:9      | Found a shimmering altar of Xom.
  8379 | D:9      | Reached ****** piety under Lugonu
  8452 | D:9      | Found a shimmering altar of Xom.
  8453 | D:9      | Found a shimmering altar of Xom.
  8453 | D:9      | Noticed a salamander
  8454 | D:9      | Found a shimmering altar of Xom.
  8454 | D:9      | Found a shimmering altar of Xom.
  8454 | D:9      | Found a shimmering altar of Xom.
  8503 | D:9      | Found a broken altar of Ashenzari.
  8503 | D:9      | Found a faded altar of an unknown god.
  8511 | D:9      | Found a glowing golden altar of the Shining One.
  8513 | D:9      | Found a blossoming altar of Fedhas.
  8515 | D:9      | Found a sacrificial altar of Ru.
  8698 | D:9      | Noticed a boulder beetle
  8758 | D:10     | Entered Level 10 of the Dungeon
  8862 | D:10     | Reached skill level 13 in Long Blades
  9294 | D:10     | Reached skill level 1 in Shields
  9472 | D:10     | Noticed a gargoyle
  9490 | D:10     | Killed a gargoyle
  9591 | D:11     | Found a staircase to the Lair.
  9675 | D:11     | Reached skill level 14 in Long Blades
  9739 | D:11     | Reached XP level 11. HP: 72/101 MP: 11/11
  9823 | D:11     | Found a transporter.
  9825 | D:11     | Noticed a seven-headed hydra
  9829 | D:11     | Found a transporter.
  9848 | D:11     | HP: 5/101 [seven-headed hydra (2)]
 10095 | D:10     | Slain by a seven-headed hydra

Illustrated notes

Levels and vault maps discovered:
D:1:      elethiomel_arrival_maze, layout_loops_ring, serial_shops,
          nicolae_lakefront_shop, nicolae_lakefront_shop, shop
D:2:      layout_basic, serial_shops, nicolae_shop_behind_doors, uniq_robin
D:3:      layout_loops_ring, portal_sewer_entry_f,
          shapermc_ecumenical_altar_ellora
D:4:      layout_rooms, grunt_temple_overflow_order_and_chaos_2,
          minmay_checkerbox
D:5:      layout_rooms
D:6:      layout_gridville, kennysheep_mini_moat, uniq_prince_ribbit1,
          uniq_sigmund, uniq_edmund
D:7:      layout_loops_ring, mainiacjoe_overflow_24_doors,
          nicolae_overflow_two_pavilions, minmay_temple_entry_statues_pillars,
          nicolae_ossuary_entry_monument, uniq_menkaure
D:8:      layout_cave_pools, kennysheep_slug_shrine, minmay_misc_feat_nine_boxes
D:9:      layout_cave_pools, chequers_temple_overflow_minitemple,
          xom_shifter_show
D:10:     layout_roguey
D:11:     gammafunk_worm_tunnel, layout_loops_ring, minmay_lair_entry_grove,
          enter_trove_6, gauntlet_entry_generic, nicolae_diode_intersection
Temple:   hellmonk_temple_flake

Skill      XL: |  1  2  3  4  5  6  7  8  9 10 11 |
---------------+----------------------------------+-----
Maces & Flails | 3 4 |  4.5
Short Blades   | 1 3 |  3.5
Long Blades    | 1 2 3 4 6 8 11 14 | 14.4
Fighting       | 4 6 7 9 10 | 10.5
Throwing       | 1 |  1.7
Armour         | 3 6 7 8 |  8.1
Shields        | 2 |  2.7
Dodging        | |  1.1
Invocations    | |  1.7

Action                   |  1- 3 |  4- 6 |  7- 9 | 10-12 || total
-------------------------+-------+-------+-------+-------++-------
Melee: Quick blade       |   136 |   318 |   336 |       ||   790
       Headbutt          |    25 |    46 |   101 |    30 ||   202
       Punch             |     2 |     4 |     4 |       ||    10
       Great sword       |       |       |    99 |    33 ||   132
       Demon blade       |       |       |       |   128 ||   128
       Mace              |       |       |       |    12 ||    12
Throw: Javelin           |       |     1 |     6 |       ||     7
       Dart              |       |       |     2 |     3 ||     5
Invok: Bend Space        |       |       |       |     2 ||     2
  Use: Scroll            |       |     9 |       |    15 ||    24
       Potion            |       |       |       |     2 ||     2
Armor: Leather armour    |    25 |       |       |       ||    25
       Ring mail         |    10 |    75 |     7 |       ||    92
       Scale mail        |       |       |     4 |       ||     4
       Chain mail        |       |       |    96 |    25 ||   121
       Plate armour      |       |       |       |   135 ||   135
Dodge: Dodged            |    62 |   108 |   142 |    97 ||   409
Block: Buckler           |       |       |       |    24 ||    24

Table legend: (Time is in decaauts)
 A = Elapsed time spent in this place.
 B = Non-inter-level travel time spent in this place.
 C = Inter-level travel time spent in this place.
 D = Time resting spent in this place.
 E = Time spent auto-exploring this place.
 F = Levels seen in this place.
 G = Mean time per level.
                   A        B        C        D        E       F      G
               +--------+--------+--------+--------+--------+-----+--------+
         Total |   9748 |   8793 |    955 |    955 |   5792 |  15 |  649.9 |
       Dungeon |   8975 |   8030 |    945 |    772 |   5453 |  11 |  815.9 |
        Temple |    207 |    197 |     10 |     44 |    129 |   1 |  207.0 |
         Abyss |      1 |      1 |      0 |      0 |      0 |   1 |    1.0 |
         Sewer |    382 |    382 |      0 |    130 |    138 |   1 |  382.0 |
       Ossuary |    182 |    182 |      0 |      9 |     71 |   1 |  182.0 |
               +--------+--------+--------+--------+--------+-----+--------+

Top non-repeatable levels by time:
     D:1: 1437 daAuts
     D:3: 1018 daAuts
     D:7: 910 daAuts
     D:9: 903 daAuts
     D:2: 861 daAuts
    D:10: 847 daAuts
     D:6: 728 daAuts
     D:4: 720 daAuts
     D:5: 654 daAuts
     D:8: 584 daAuts
   Sewer: 382 daAuts
    D:11: 309 daAuts
  Temple: 207 daAuts
 Ossuary: 182 daAuts
 Abyss:1: 1 daAuts
